 Dungeon Crawl Stone Soup version 0.31-a0-214-gb37851dbb3 (webtiles) character file.

Game seed: 5873173398941590776

737 qw the Shooter (level 7, 0/43 HPs)
             Began as a Gargoyle Hexslinger on June 30, 2023.
             Was an Initiate of Okawaru.
             Killed by divine providence
             ... invoked by an orc priest
              (10 damage)
             ... on level 5 of the Dungeon.
             The game lasted 00:02:05 (3387 turns).

qw the Shooter (Gargoyle Hexslinger)                Turns: 3387, Time: 00:02:05

Health: 0/43       AC: 12    Str: 17    XL:     7   Next: 75%
Magic:  6/8        EV: 13    Int: 17    God:    Okawaru [......]
Gold:   60         SH:  0    Dex: 14    Spells: 7/8 levels left

rFire   . . .        c - +2 sling "Rek Luc" {speed, Int+3}
rCold   . . .        (no shield)
rNeg    + + .        i - +0 ring mail
rPois   inf          (no helmet)
rElec   +            (no cloak)
rCorr   .            k - +0 pair of gloves
SInv    .            (no boots)
Will    .....        (no amulet)
Stlth   ++           h - ring of positive energy
HPRegen 0.27/turn    o - +6 ring of strength
MPRegen 0.11/turn

%: no passive effects
@: heroic
A: sickness immunity, AC +4, negative energy resistance 1, electricity
resistance, torment resistance 1, petrification resistance
a: Renounce Religion


You were on level 5 of the Dungeon.
You worshipped Okawaru.
Okawaru was noncommittal.
You visited 2 branches of the dungeon, and saw 6 of its levels.

You collected 221 gold pieces.
You spent 161 gold pieces at shops.


Innate Abilities, Weirdness & Mutations

You are immune to sickness and miasma.
Your stone body is resilient. (AC +4)
You are immune to poison.
You resist negative energy. (rN+)
You are resistant to electric shocks. (rElec)
You are resistant to unholy torment.
You are immune to petrification.


   Skills:
 - Level 4.0(9.0) Fighting
 + Level 7.5(12.5) Ranged Weapons
 - Level 1.3(6.3) Armour
 - Level 1.5(6.5) Dodging
 - Level 1.0 Spellcasting
 - Level 2.6 Hexes


You had 7 spell levels left.
You knew the following spells:

 Your Spells              Type           Power      Damage    Failure   Level
a - Slow                  Hex            36%        N/A       12%         1

Your spell library contained the following spells:

 Spells                   Type           Power      Damage    Failure   Level
 Inner Flame              Hex/Fire       5%         N/A       52%         3
 Portal Projectile        Hex/Tloc       10%        N/A       52%         3
 Cause Fear               Hex            4%         N/A       75%         4

Inventory:

Hand Weapons
 c - the +2 sling "Rek Luc" (weapon) {speed, Int+3}
   (You found it on level 3 of the Dungeon)

   Int:       It affects your intelligence (+3).
Armour
 i - a +0 ring mail (worn)
 k - a +0 pair of gloves (worn)
Jewellery
 h - a ring of positive energy (left hand)
 o - a +6 ring of strength (right hand)
Scrolls
 e - a scroll of identify
Potions
 a - a potion of haste
 b - 3 potions of curing
 d - a potion of attraction {unknown}
 f - a potion of enlightenment {unknown}
 g - a potion of invisibility {unknown}
 j - 2 potions of heal wounds
 l - 2 potions of magic {unknown}
 m - a potion of degeneration {unknown}
 p - a potion of mutation {unknown}

Dungeon Overview and Level Annotations

Branches:
Dungeon (5/15)             Temple (1/1) D:4

Altars:
Cheibriados
Elyvilon
Hepliaklqana
Makhleb
Okawaru
Qazlal
Ru
Sif Muna
Trog
Vehumet
Wu Jian
Xom
Yredelemnul
The Shining One

Shops:
D:2 *[**   D:3 !

Annotations:
D:2 2 transporters
D:4 3 runed translucent doors, qw's ghost, amateur DEHu; qw's ghost, novice MiHs


Message History

The scorpion stings you but does no damage.
You shoot a sling bullet.
The sling bullet closely misses the hound.
The hound bites you but does no damage.
An orc priest comes into view. It is wielding a +0 club.
The orc barely misses you. The scorpion stings you.
3382 ||| INVOKING Heroism.
You gain the combat prowess of a mighty hero.
You can no longer gain great but temporary skills.
The hound bites you but does no damage. The hound misses you.
The orc barely misses you.
The scorpion stings you but does no damage.
You shoot a sling bullet. The sling bullet hits the hound.
The hound is heavily wounded.
The hound closely misses you.
You shoot a sling bullet. The sling bullet hits the hound.
The hound is severely wounded.
The scorpion stings you but does no damage.
An orc priest comes into view. It is wielding a +0 short sword.
An orc priest comes into view. It is wielding a +0 falchion.
The orc hits you with a +0 flail. The hound closely misses you.
You shoot a sling bullet. The orc priest shouts!
The sling bullet hits the hound.
The hound is almost dead.
The scorpion barely misses you.
The orc priest mumbles some strange prayers to Beogh against you.
Beogh smites you! The orc barely misses you.
The hound bites you but does no damage.
You shoot a sling bullet.
The sling bullet closely misses the hound.
The hound closely misses you.
The scorpion stings you but does no damage.
You shoot a sling bullet. The sling bullet hits the hound!
You kill the hound!
Okawaru accepts your kill. The orc hits you with a +0 flail!
The orc priest calls down the wrath of Beogh upon you.
Beogh smites you!
You die... #o.. ... #..$ .. ..## oo# oo#

#h#
##+#######s####o..
..........@o...o..
)..........o#.....
########/..##.....
#..^..#... .
#.......#
#.....### #....##
#######.#.##
..........#


You could see a scorpion, a hound, 3 orc priests and 5 orcs.

Vanquished Creatures
  An ogre (D:5)
  A scorpion (D:5)
  3 orc priests
  3 hounds
  4 iguanas
  6 orc wizards
  2 gnolls (D:4)
  8 adders
  3 dart slugs (D:3)
  10 orcs
  2 endoplasms (D:4)
  5 giant cockroaches
  8 goblins
  11 hobgoblins
  2 jackals (D:2)
  6 kobolds
  7 quokkas
  6 ball pythons
  7 bats
  5 frilled lizards
  10 rats
110 creatures vanquished.

Notes
Turn   | Place    | Note
-------+----------+-------------------------------------------
     0 | D:1      | qw the Gargoyle Hexslinger began the quest for the Orb.
     0 | D:1      | Reached XP level 1. HP: 12/12 MP: 2/2
     0 | D:1      | 0 ||| qw: Version: 0.3-a-32-g5962c71
     0 | D:1      | 0 ||| qw: Game counter: 7323
     0 | D:1      | 0 ||| qw: Melee chars always use a shield: true
     0 | D:1      | 0 ||| qw: God list: Okawaru
     0 | D:1      | 0 ||| qw: Allow faded altars: false
     0 | D:1      | 0 ||| qw: Do Orc after clearing Dungeon:15 true
     0 | D:1      | 0 ||| qw: Do second Lair branch before Depths: true
     0 | D:1      | 0 ||| qw: Lair rune preference: random
     0 | D:1      | 0 ||| qw: Goals: Normal
     0 | D:1      | 0 ||| PLANNING D:1-11
   212 | D:1      | Reached XP level 2. HP: 16/16 MP: 3/3
   312 | D:1      | Reached skill level 3 in Ranged Weapons
   708 | D:1      | 708 ||| UPGRADING to ring of positive energy.
   709 | D:1      | 709 ||| READING 3 scrolls labelled NAUCLO SIYWI.
   710 | D:1      | 710 ||| READING 2 scrolls labelled DEGUES EHEQI.
   711 | D:1      | 711 ||| READING scroll labelled URCHUQO JAAKYVI.
   712 | D:1      | 712 ||| DROPPING 2 scrolls of summoning.
   713 | D:1      | 713 ||| DROPPING scroll of poison.
   753 | D:2      | 753 ||| STAIRDANCE
   762 | D:1      | Reached XP level 3. HP: 20/21 MP: 4/4
   814 | D:2      | Found a faded altar of an unknown god.
   864 | D:2      | Found a transporter.
   864 | D:2      | Found Reloi's Assorted Antiques.
   925 | D:2      | Found Tuxicwaw's Assorted Antiques.
   943 | D:2      | Reached XP level 4. HP: 23/26 MP: 5/5
   963 | D:2      | 963 ||| BUYING bubbling inky potion (27 gold).
   963 | D:2      | Bought a bubbling inky potion for 27 gold pieces
   963 | D:2      | 963 ||| BUYING scroll labelled KANLUDE LE OCS (31 gold).
   963 | D:2      | Bought a scroll labelled KANLUDE LE OCS for 31 gold pieces
   963 | D:2      | 963 ||| BUYING scroll labelled VOLLYPNAOCU (31 gold).
   963 | D:2      | Bought a scroll labelled VOLLYPNAOCU for 31 gold pieces
   963 | D:2      | 963 ||| SHOPLISTING shiny ruby ring (155 gold, have 21).
   963 | D:2      | 963 ||| SHOPLISTING steam dragon scales (1240 gold, have
                  | 21).
  1062 | D:2      | Found Otuc's General Store.
  1078 | D:2      | 1078 ||| SHOPLISTING potion of enlightenment (65 gold, have
                  | 43).
  1095 | D:2      | Found Wifuuhall's Antique Armour Emporium.
  1099 | D:2      | 1099 ||| SHOPLISTING dyed leather armour (125 gold, have
                  | 43).
  1099 | D:2      | 1099 ||| SHOPLISTING pair of gloves (112 gold, have 43).
  1099 | D:2      | 1099 ||| SHOPLISTING runed ring mail (175 gold, have 43).
  1099 | D:2      | 1099 ||| SHOPLISTING shiny ring mail (175 gold, have 43).
  1168 | D:2      | Found a transporter.
  1227 | D:2      | 1227 ||| UPGRADING to +0 ring mail.
  1237 | D:2      | 1237 ||| DROPPING +0 robe.
  1238 | D:2      | 1238 ||| UPGRADING to +6 ring of strength.
  1239 | D:2      | 1239 ||| READING scroll labelled NITRYMIPTAD.
  1240 | D:2      | 1240 ||| READING scroll labelled QIELEXTOOZ.
  1243 | D:2      | 1243 ||| READING scroll labelled KANLUDE LE OCS.
  1244 | D:2      | 1244 ||| READING scroll labelled VOLLYPNAOCU.
  1245 | D:2      | 1245 ||| READING scroll labelled XOYVOGIMNO.
  1246 | D:2      | 1246 ||| READING scroll labelled UTHROS PA GUCW.
  1247 | D:2      | 1247 ||| DRINKING 2 ruby potions.
  1275 | D:3      | 1275 ||| STAIRDANCE
  1283 | D:2      | Reached skill level 4 in Ranged Weapons
  1413 | D:3      | Reached skill level 1 in Armour
  1472 | D:3      | Found a snail-covered altar of Cheibriados.
  1558 | D:3      | Found Vebruxuw's Distillery.
  1565 | D:3      | 1565 ||| SHOPLISTING 2 potions of mutation (192 gold, have
                  | 95).
  1565 | D:3      | 1565 ||| BUYING potion of curing (36 gold).
  1565 | D:3      | Bought a potion of curing for 36 gold pieces
  1565 | D:3      | 1565 ||| BUYING potion of curing (36 gold).
  1565 | D:3      | Bought a potion of curing for 36 gold pieces
  1565 | D:3      | 1565 ||| SHOPLISTING potion of enlightenment (60 gold, have
                  | 23).
  1659 | D:3      | Reached XP level 5. HP: 30/30 MP: 6/6
  1791 | D:3      | Identified the +2 sling "Rek Luc" {speed, Int+3}
  1793 | D:3      | 1793 ||| SWAPPING to +2 sling "Rek Luc" {speed, Int+3}.
  1794 | D:3      | 1794 ||| DROPPING +2 sling.
  1883 | D:3      | 1883 ||| STAIRDANCE
  2145 | D:4      | Reached skill level 5 in Ranged Weapons
  2162 | D:4      | 2162 ||| DRINKING 4 potions of curing.
  2162 | D:4      | 2162 ||| (to cure confusion)
  2170 | D:4      | Found a runed translucent gate.
  2170 | D:4      | Found a runed translucent gate.
  2170 | D:4      | Found a runed translucent gate.
  2195 | D:4      | Reached skill level 3 in Fighting
  2198 | D:4      | Found a glowing golden altar of the Shining One.
  2206 | D:4      | Reached XP level 6. HP: 37/37 MP: 7/7
  2276 | D:4      | 2276 ||| Stepping ~*~*~tactically~*~*~ (outnumbered).
  2346 | D:4      | Found a shimmering blue altar of Sif Muna.
  2362 | D:4      | Reached skill level 6 in Ranged Weapons
  2411 | D:4      | Found a staircase to the Ecumenical Temple.
  2412 | D:4      | 2412 ||| PLANNING TEMPLE
  2412 | D:4      | 2412 ||| READING scroll labelled UDAYKE ARIPLAW.
  2413 | D:4      | 2413 ||| READING scroll labelled TIGOMI XOYZ.
  2414 | D:4      | 2414 ||| READING 2 scrolls of identify.
  2414 | D:4      | 2414 ||| IDENTIFYING fuming pink potion
  2429 | Temple   | Entered the Ecumenical Temple
  2443 | Temple   | 2443 ||| PLANNING D:1-11
  2524 | D:4      | Found a sacrificial altar of Ru.
  2561 | D:4      | Noticed qw's ghost (amateur DEHu)
  2561 | D:4      | Noticed qw's ghost (amateur DEHu)
  2561 | D:4      | Noticed qw's ghost (novice MiHs)
  2589 | D:4      | Found an iron altar of Okawaru.
  2590 | D:4      | 2590 ||| PLANNING OKAWARU WORSHIP
  2590 | D:4      | 2590 ||| UPGRADING to +0 pair of gloves.
  2602 | D:4      | Became a worshipper of Warmaster Okawaru
  2603 | D:4      | 2603 ||| PLANNING D:1-11
  2706 | D:4      | 2706 ||| DRINKING 2 bubbling inky potions.
  2731 | D:5      | Entered Level 5 of the Dungeon
  2839 | D:5      | 2839 ||| FLEEEEING.
  2840 | D:5      | 2840 ||| FLEEEEING.
  2841 | D:5      | 2841 ||| FLEEEEING.
  2842 | D:5      | 2842 ||| FLEEEEING.
  2843 | D:5      | 2843 ||| FLEEEEING.
  2849 | D:5      | 2849 ||| FLEEEEING.
  2849 | D:5      | HP: 5/38 [orc priest/divine providence (12)]
  2850 | D:5      | 2850 ||| FLEEEEING.
  2851 | D:5      | 2851 ||| FLEEEEING.
  2852 | D:5      | 2852 ||| FLEEEEING.
  2853 | D:5      | 2853 ||| FLEEEEING.
  2854 | D:5      | 2854 ||| FLEEEEING.
  2855 | D:5      | 2855 ||| FLEEEEING.
  2856 | D:5      | 2856 ||| FLEEEEING.
  2857 | D:5      | 2857 ||| FLEEEEING.
  2858 | D:5      | 2858 ||| FLEEEEING.
  2859 | D:5      | 2859 ||| FLEEEEING.
  2860 | D:5      | 2860 ||| FLEEEEING.
  2861 | D:5      | 2861 ||| FLEEEEING.
  2862 | D:5      | 2862 ||| FLEEEEING.
  2869 | D:5      | 2869 ||| FLEEEEING.
  2870 | D:5      | 2870 ||| FLEEEEING.
  2871 | D:5      | 2871 ||| FLEEEEING.
  2872 | D:5      | 2872 ||| FLEEEEING.
  2873 | D:5      | 2873 ||| FLEEEEING.
  2874 | D:5      | 2874 ||| FLEEEEING.
  2875 | D:5      | 2875 ||| FLEEEEING.
  2876 | D:5      | 2876 ||| FLEEEEING.
  2877 | D:5      | 2877 ||| FLEEEEING.
  2878 | D:5      | 2878 ||| FLEEEEING.
  2879 | D:5      | 2879 ||| FLEEEEING.
  2880 | D:5      | 2880 ||| FLEEEEING.
  2881 | D:5      | 2881 ||| FLEEEEING.
  2882 | D:5      | 2882 ||| FLEEEEING.
  2883 | D:5      | 2883 ||| FLEEEEING.
  2893 | D:5      | 2893 ||| FLEEEEING.
  2894 | D:5      | 2894 ||| FLEEEEING.
  2895 | D:5      | 2895 ||| FLEEEEING.
  2901 | D:5      | 2901 ||| FLEEEEING.
  2907 | D:5      | 2907 ||| FLEEEEING.
  2908 | D:5      | 2908 ||| FLEEEEING.
  2910 | D:5      | 2910 ||| FLEEEEING.
  2911 | D:5      | 2911 ||| FLEEEEING.
  2912 | D:5      | 2912 ||| FLEEEEING.
  2913 | D:5      | 2913 ||| FLEEEEING.
  2914 | D:5      | 2914 ||| FLEEEEING.
  2915 | D:5      | 2915 ||| FLEEEEING.
  2916 | D:5      | 2916 ||| FLEEEEING.
  2917 | D:5      | 2917 ||| STAIRDANCE
  3027 | D:5      | Reached XP level 7. HP: 40/43 MP: 8/8
  3205 | D:5      | Reached skill level 7 in Ranged Weapons
  3378 | D:5      | Reached * piety under Okawaru
  3382 | D:5      | 3382 ||| INVOKING Heroism.
  3387 | D:5      | HP: 10/43 [orc/+0 flail (8)]
  3387 | D:5      | Killed from afar by an orc priest

Levels and vault maps discovered:
D:1:      lemuel_arrival_room, layout_loops_ring
D:2:      layout_rooms, serial_shops, shop, nicolae_shop_back_alley_shop,
          nicolae_shop_drivethru, shop, ebering_ecumenical_altar_mist,
          minmay_pentomino_x2
D:3:      layout_basic, kennysheep_slug_shrine, serial_shops, shop
D:4:      layout_rooms, old_standard_altar, okawaru_altar_gauntlet_db,
          nicolae_ru_the_path_less_chosen, led_sif_book,
          minmay_temple_entry_junction, gammafunk_ghost_cemetery
D:5:      layout_loops_ring, minmay_pentangle
Temple:   hellmonk_temple_rainy

Skill      XL: |  1  2  3  4  5  6  7 |
---------------+----------------------+-----
Ranged Weapons | 3 4 5 6 7 |  7.5
Fighting       | 2 3 4 |  4.0
Armour         | 1 |  1.3
Dodging        | |  1.5
Spellcasting   | |  1.0
Hexes          | |  2.6

Action                     |  1- 3 |  4- 6 |  7- 9 || total
---------------------------+-------+-------+-------++-------
   Fire: Sling             |   118 |   300 |    94 ||   512
 Invoke: Heroism           |       |       |     1 ||     1
    Use: Scroll            |     3 |     9 |       ||    12
         Potion            |       |     3 |       ||     3
 Armour: Robe              |    29 |     5 |       ||    34
         Ring mail         |       |    59 |    26 ||    85
  Dodge: Dodged            |    58 |   101 |    30 ||   189

Table legend:
 A = Non-vault XP
 B = Vault XP
 C = Vault XP percentage of total XP
 D = Non-vault monster count
 E = Vault monster count
 F = Vault count percentage of total count
                 A         B        C        D         E       F
            +---------+---------+-------+---------+---------+-------
      Total |     942 |     155 |  14.1 |      98 |      12 |  10.9
            +---------+---------+-------+---------+---------+-------
        D:1 |      44 |       0 |   0.0 |      22 |       0 |   0.0
        D:2 |      92 |       4 |   4.2 |      22 |       2 |   8.3
        D:3 |      42 |       4 |   8.7 |      17 |       1 |   5.6
        D:4 |     282 |     105 |  27.1 |      23 |       8 |  25.8
        D:5 |     482 |      42 |   8.0 |      14 |       1 |   6.7
            +---------+---------+-------+---------+---------+-------
